 Dungeon Crawl Stone Soup version 0.23.0 (webtiles) character file.

Game seed: 14378696052881635631

903 Paps the Covert (level 7, -7/43 HPs)
             Began as a Vampire Enchanter on Feb 17, 2019.
             Was an Initiate of Hepliaklqana.
             Mangled by a two-headed ogre
             ... wielding a +0 giant club
              (20 damage)
             ... on level 6 of the Dungeon.
             The game lasted 00:17:05 (6756 turns).

Paps the Covert (Vampire Enchanter)                 Turns: 6756, Time: 00:17:06

Health: -7/43      AC:  8    Str:  9    XL:     7   Next: 80%
Magic:  9/11       EV: 13    Int: 18    God:    Hepliaklqana [......]
Gold:   412        SH:  0    Dex: 14    Spells: 5/11 levels left

rFire    . . .     SeeInvis +   A - +1 dagger (venom)
rCold    + . .     Gourm    .   (no shield)
rNeg     + + .     Faith    .   b - +0 robe
rPois    +         Spirit   .   f - +0 helmet
rElec    .         Reflect  .   E - +0 cloak
rCorr    .         Harm     .   y - +0 pair of gloves
MR       .....                  v - +0 pair of boots (curse)
Stlth    +++++.....             (no amulet)
HPRegen  0.07/turn              D - ring of wizardry
MPRegen  0.12/turn              k - +2 ring of protection

@: regenerating slowly
A: rotting body, reduced essence, fangs 3, see invisible, unbreathing
a: Bat Form, Recall Ancestor, Ancestor Identity, Renounce Religion


You were on level 6 of the Dungeon.
You worshipped Hepliaklqana.
Hepliaklqana was noncommittal.
You were very thirsty.

You visited 2 branches of the dungeon, and saw 7 of its levels.

You collected 412 gold pieces.

Inventory:

Hand Weapons
 a - a +1 dagger
 A - a +1 dagger of venom (weapon)
Armour
 b - a +0 robe (worn)
 f - a +0 helmet (worn)
 v - a cursed +0 pair of boots (worn)
 y - a +0 pair of gloves (worn)
 E - a +0 cloak (worn)
Jewellery
 k - a +2 ring of protection (right hand)
 p - an uncursed ring of protection from cold
 B - a +2 ring of intelligence
 D - a ring of wizardry (left hand)
Wands
 j - a wand of iceblast (6)
 w - a wand of acid (3)
Scrolls
 c - 5 scrolls of remove curse {unknown}
 e - 7 scrolls of magic mapping {unknown}
 h - a scroll of enchant weapon {unknown}
 i - 6 scrolls of identify {unknown}
 o - 2 scrolls of teleportation {unknown}
 s - a scroll of immolation {unknown}
 u - a scroll of blinking {unknown}
 x - a scroll of noise {unknown}
 z - a scroll of fog {unknown}
 C - a scroll of enchant armour {unknown}
Potions
 d - 10 potions of blood
 g - 2 potions of brilliance {unknown}
 l - a potion of cancellation {unknown}
 m - a potion of heal wounds {unknown}
 n - a potion of ambrosia {unknown}
 q - a potion of haste {unknown}
 r - 2 potions of degeneration {unknown}
 t - a potion of might {unknown}


   Skills:
 + Level 1.0 Fighting
 + Level 3.2 Short Blades
 + Level 3.4 Dodging
 * Level 10.5 Stealth
 + Level 2.8 Spellcasting
 * Level 7.6 Hexes


You had 5 spell levels left.
You knew the following spells:

 Your Spells              Type           Power        Failure   Level  Hunger
a - Corona                Hex            ####...      1%          1    None
b - Ensorcelled Hibernat  Hex/Ice        ###...       2%          2    ##.....
c - Confuse               Hex            ####....     1%          3    ###....

Your spell library contained the following spells:

 Spells                   Type           Power        Failure   Level  Hunger
 Tukima's Dance           Hex            ####....     1%          3    ###....
 Dazzling Spray           Conj/Hex       ###...       4%          3    ###....


Dungeon Overview and Level Annotations

Branches:
Dungeon (6/15)             Temple (1/1) D:6

Altars:
Ashenzari
Elyvilon
Hepliaklqana
Nemelex Xobeh
Ru
Trog
Xom
The Shining One


Innate Abilities, Weirdness & Mutations

Your body is rotting away.
You thrive on raw meat.
You heal slowly.
You have razor-sharp teeth.
You have supernaturally acute eyesight. (SInv)
You can survive without breathing.
Your life essence is reduced to manifest your ancestor. (-10% HP)


Message History

* * * LOW HITPOINT WARNING * * *
The two-headed ogre hits you with a +0 giant club.
* * * LOW HITPOINT WARNING * * *
Stanko hits the two-headed ogre.
The two-headed ogre hits Stanko with a +0 giant club!!
The two-headed ogre hits Stanko with a +0 giant club!
Stanko is destroyed!
The two-headed ogre cries, "My head!
MY HEAD!!!"
The two-headed ogre hits you with a +0 giant club.
* * * LOW HITPOINT WARNING * * *
The two-headed ogre misses you.
You catch the helpless two-headed ogre completely off-guard!
You bite the two-headed ogre, and draw its blood!
You feel better.
You feel slightly less thirsty.
You impale the two-headed ogre!!
The two-headed ogre looks as sick as possible!
The two-headed ogre is almost dead.
The two-headed ogre barely misses you.
The two-headed ogre hits you with a +0 giant club!!
You die...

#...... #.#####
#.# #.# #.# #.#
#.# ##########
#.# #.@O......
#.# #.########
#.#
#.###########.#
#............(#
###############


You could see a two-headed ogre (confused).

Vanquished Creatures
  An ice beast (D:5)
  A sky beast (D:5)
  An ogre (D:4)
  A crimson imp (D:5)
  A bullfrog skeleton (D:4)
  3 orc priests
  4 orc wizards
  A centaur skeleton (D:5)
  An iguana (D:6)
  Ijyb (D:2)
  4 worker ants (D:4)
  A hound zombie (D:3)
  A hound skeleton (D:3)
  A worker ant zombie (D:3)
  An ancestor (D:6)
  6 adders (D:2)
  2 oozes
  An adder skeleton (D:3)
  3 worms
  A dart slug (D:1)
  A leopard gecko (D:5)
  14 orcs
  4 giant cockroaches
  12 goblins (D:2)
  7 hobgoblins
  2 jackals (D:4)
  4 kobolds
  3 quokkas
  4 bats
  6 frilled lizards
  2 leopard gecko skeletons
  A quokka zombie (D:3)
  7 rats
103 creatures vanquished.

Notes
Turn   | Place    | Note
-------+----------+-------------------------------------------
     0 | D:1      | Paps the Vampire Enchanter began the quest for the Orb.
     0 | D:1      | Reached XP level 1. HP: 13/13 MP: 3/3
   293 | D:1      | Reached XP level 2. HP: 19/19 MP: 5/5
   297 | D:1      | Learned a level 2 spell: Ensorcelled Hibernation
   316 | D:1      | Reached skill level 5 in Stealth
   814 | D:2      | Reached skill level 5 in Hexes
   814 | D:2      | Reached XP level 3. HP: 24/24 MP: 6/6
   928 | D:2      | Learned a level 3 spell: Confuse
   949 | D:2      | Noticed Ijyb
  1059 | D:2      | Killed Ijyb
  1059 | D:2      | Reached XP level 4. HP: 9/30 MP: 2/7
  1563 | D:2      | Reached skill level 6 in Stealth
  2288 | D:2      | Found a white marble altar of Elyvilon.
  3506 | D:3      | Reached XP level 5. HP: 35/35 MP: 8/8
  3599 | D:3      | Found a shimmering altar of Xom.
  3732 | D:3      | Reached skill level 7 in Stealth
  4013 | D:4      | Noticed an ogre
  4017 | D:4      | Killed an ogre
  4017 | D:4      | Reached skill level 8 in Stealth
  4017 | D:4      | Reached XP level 6. HP: 42/42 MP: 6/9
  4962 | D:4      | Reached skill level 9 in Stealth
  5235 | D:5      | Entered Level 5 of the Dungeon
  5241 | D:5      | Reached XP level 7. HP: 47/47 MP: 10/10
  6287 | D:5      | Reached skill level 10 in Stealth
  6369 | D:5      | Reached skill level 1 in Fighting
  6675 | D:6      | Found a staircase to the Ecumenical Temple.
  6682 | Temple   | Entered the Ecumenical Temple
  6688 | Temple   | Became a worshipper of Hepliaklqana the Forgotten
  6744 | D:6      | Noticed a two-headed ogre
  6756 | D:6      | Mangled by a two-headed ogre

Skill      XL: |  1  2  3  4  5  6  7 |
---------------+----------------------+-----
Stealth        | 5 6 8 9 10 | 10.5
Hexes          | 5 6 7 |  7.6
Short Blades   | 2 3 |  3.2
Dodging        | 3 |  3.4
Fighting       | 1 |  1.0
Spellcasting   | |  2.8

Action                   |  1- 3 |  4- 6 |  7- 9 || total
-------------------------+-------+-------+-------++-------
Melee: Dagger            |    83 |   195 |    96 ||   374
       Bite              |     9 |    10 |    10 ||    29
 Cast: Ensorcelled Hiber |    10 |     5 |     7 ||    22
       Confuse           |       |     2 |     6 ||     8
  Use: Potion            |       |     4 |     4 ||     8
 Stab: Sleeping          |    13 |    32 |     8 ||    53
       Confused          |       |     1 |     3 ||     4
Armor: Robe              |     8 |    47 |    22 ||    77
Dodge: Dodged            |    35 |    96 |    46 ||   177
